Map: Torches LE

Players

RUNNYC - Winner!

  • Race: Zerg Zerg
  • League: Gold
  • Spawn Location: 1:00

VERGAtron

  • Race: Protoss Protoss
  • League: Silver
  • Spawn Location: 5:00

VOD

Have the link to the VOD?

Description

Time

  • Played on: Aug. 8, 2025, 7:56 p.m.
  • Length: 14:59
Show
View Real Time Build Order
Export as new Build Order

RUNNYC Zerg - Winner!

Build Orders: Pool First 

Get SALT Encoding   

  12  0:03  Drone  
  13  0:09  Drone  
  14  0:27  Spawning Pool  
  13  0:34  Overlord  
  13  0:41  Drone  
  14  0:52  Drone  
  15  1:14  Zergling x6  
  18  1:28  Zergling x2  
  19  1:41  Zergling x2  
  20  2:04  Drone x2  
  22  2:15  Overlord, Hatchery  
  21  2:33  Drone  
  21  2:34  Drone  
  23  2:53  Overlord x2  
  23  2:55  Queen  
  25  3:03  Extractor  
  24  3:05  Extractor  
  23  3:25  Hatchery  
  22  3:30  Drone x2, Overlord x2  
  22  3:31  Queen  
  26  3:39  Roach Warren  
  25  3:42  Drone  
  26  3:54  Drone  
  26  3:55  Spore Crawler  
  26  4:00  Drone  
  27  4:15  Lair  
  27  4:18  Drone  
  27  4:20  Drone  
  30  4:24  Drone  
  30  4:33  Drone x2  
  32  4:44  Spine Crawler  
  31  4:51  Metabolic Boost  
  31  4:53  Drone x3  
  34  5:08  Overlord  
  34  5:14  Spore Crawler  
  34  5:15  Drone x5  
  34  5:20  Glial Reconstitution  
  38  5:30  Drone x3  
  41  5:41  Roach x3  
  47  5:54  Queen  
  47  5:56  Roach x2  
  53  6:03  Drone x3  
  56  6:11  Roach x3  
  62  6:19  Roach x3  
  62  6:24  Zergling x4  
  70  6:27  Pneumatized Carapace  
  69  6:37  Roach x3  
  69  6:38  Roach  
  77  6:55  Spore Crawler  
  77  6:56  Drone x5  
  77  7:00  Extractor, Overlord x2  
  77  7:01  Extractor  
  79  7:16  Evolution Chamber  
  79  7:19  Evolution Chamber  
  79  7:21  Overseer  
  77  7:24  Roach x6  
  89  7:43  Infestation Pit  
  88  7:48  Overlord x2  
  88  7:49  Roach x2  
  88  7:50  Roach x2  
  96  7:53  Overlord  
  96  7:59  Overseer  
  97  8:05  Drone  
  97  8:09  Drone x6  
  103  8:14  Zerg Missile Weapons Level 1  
  103  8:29  Zerg Ground Armor Level 1  
  103  8:33  Hive  
  103  8:39  Overseer  
  103  8:54  Spine Crawler  
  102  8:56  Drone  
  102  8:57  Drone x9  
  102  8:58  Spore Crawler  
  111  9:16  Hatchery  
  110  9:47  Zergling x2  
  110  9:48  Zergling x22  
  110  9:49  Overlord  
  110  9:50  Overlord x2  
  119  10:12  Hydralisk Den  
  118  10:20  Spine Crawler  
  117  10:23  Spore Crawler  
  116  10:29  Zerg Missile Weapons Level 2, Zerg Ground Armor Level 2  
  146  10:37  Overlord x2  
  134  10:54  Zergling x2  
  134  10:55  Zergling x18  
  142  11:31  Burrow  
  142  11:46  Hydralisk x2  
  142  11:47  Hydralisk x8  
  142  11:48  Hydralisk x2  
  164  12:04  Overseer x3  
  164  12:27  Grooved Spines  
  164  12:33  Extractor  
  164  12:35  Extractor  
  163  12:37  Zergling x10  
  163  12:39  Overlord x2  
  163  12:40  Overlord x5  
  163  12:41  Adrenal Glands  
  167  13:17  Muscular Augments  
  152  13:43  Zergling x20  
  152  13:44  Zergling x4  
  152  14:24  Zergling x2  
  152  14:25  Zergling x22  
Show
View Real Time Build Order
Export as new Build Order

VERGAtron Protoss 

Build Orders:  

Get SALT Encoding   

  1  0:00  Probe  
  13  0:14  Pylon  
  13  0:16  Probe  
  14  0:28  Probe  
  15  0:36  Forge  
  15  0:40  Probe  
  16  0:51  Pylon  
  16  1:02  Assimilator  
  16  1:20  Photon Cannon  
  16  1:21  Probe  
  17  1:29  Probe  
  17  1:31  Pylon  
  18  1:41  Probe  
  19  1:49  Pylon  
  19  1:52  Pylon  
  19  1:54  Probe  
  19  2:02  Photon Cannon  
  19  2:06  Probe  
  20  2:12  Photon Cannon  
  20  2:17  Pylon  
  20  2:20  Probe  
  21  2:35  Photon Cannon  
  22  2:40  Gateway  
  21  2:45  Assimilator  
  21  2:49  Assimilator  
  20  2:53  Probe  
  21  3:05  Probe  
  22  3:17  Probe  
  23  3:27  Cybernetics Core  
  23  3:30  Probe  
  23  3:32  Zealot  
  26  3:42  Probe  
  26  3:44  Pylon  
  27  4:04  Nexus  
  27  4:07  Photon Cannon  
  27  4:20  Shield Battery  
  27  4:26  Pylon  
  27  4:33  Photon Cannon  
  27  4:34  Probe  
  28  4:42  Pylon  
  28  4:52  Photon Cannon  
  28  4:56  Shield Battery  
  28  5:04  Photon Cannon  
  28  5:09  Shield Battery  
  28  5:11  Probe  
  29  5:16  Probe  
  29  5:19  Probe  
  30  5:27  Probe  
  31  5:35  Twilight Council  
  32  5:38  Probe  
  32  5:40  Probe  
  34  5:46  Assimilator  
  34  5:52  Assimilator, Probe  
  34  5:56  Probe  
  36  6:04  Probe  
  36  6:07  Robotics Facility  
  37  6:13  Robotics Facility  
  35  6:21  Robotics Facility  
  35  6:25  Probe  
  36  6:32  Photon Cannon  
  36  6:35  Photon Cannon  
  36  6:37  Probe  
  36  6:39  Pylon  
  37  6:44  Probe  
  38  6:49  Probe  
  39  7:02  Robotics Bay  
  39  7:04  Observer  
  40  7:09  Probe  
  40  7:15  Immortal  
  45  7:18  Immortal  
  45  7:19  Probe  
  50  7:23  Probe  
  51  7:39  Pylon  
  51  7:48  Colossus  
  57  7:52  Colossus  
  57  7:57  Warp Prism  
  65  8:07  Probe  
  65  8:11  Shield Battery  
  66  8:13  Photon Cannon  
  66  8:26  Colossus  
  66  8:33  Colossus  
  77  9:31  Colossus  
  83  10:12  Protoss Ground Armor Level 1  
  83  10:18  Zealot  
  85  10:22  Nexus  
  85  10:25  Pylon  
  85  10:27  Pylon  
  85  10:30  Pylon  
  85  10:34  Probe  
  86  10:41  Probe  
  86  10:42  Colossus  
  85  10:43  Colossus  
  85  10:45  Zealot  
  85  10:46  Probe  
  85  10:49  Colossus  
  82  10:53  Probe  
  73  10:58  Probe  
  74  11:05  Probe  
  74  11:10  Probe  
  76  11:17  Probe  
  77  11:19  Pylon  
  77  11:21  Pylon  
  77  11:23  Probe  
  77  11:25  Pylon  
  78  11:28  Pylon  
  78  11:35  Colossus  
  78  11:36  Colossus  
  90  11:42  Colossus  
  94  11:47  Photon Cannon  
  94  11:48  Photon Cannon  
  94  11:50  Photon Cannon  
  94  11:52  Photon Cannon  
  94  11:54  Photon Cannon  
  94  11:57  Nexus  
  94  11:58  Shield Battery  
  94  11:59  Shield Battery  
  82  12:01  Shield Battery  
  82  12:03  Shield Battery  
  82  12:08  Pylon  
  82  12:13  Pylon  
  82  12:15  Probe  
  83  12:17  Probe  
  84  12:27  Probe  
  84  12:29  Probe  
  86  12:43  Photon Cannon  
  86  12:45  Photon Cannon  
  86  12:47  Photon Cannon  
  86  12:48  Photon Cannon  
  86  12:50  Photon Cannon  
  86  12:54  Shield Battery  
  86  12:57  Photon Cannon  
  86  13:05  Probe  
  81  13:16  Colossus  
  81  13:17  Probe  
  82  13:29  Probe  
  71  13:41  Probe  
  65  13:53  Photon Cannon  
  65  13:54  Photon Cannon  
  62  13:56  Shield Battery, Photon Cannon  
  62  13:59  Shield Battery  
  62  14:02  Pylon  
  62  14:05  Pylon  
  49  14:27  Stargate  
  49  14:29  Stargate  
  40  14:34  Stargate  
  40  14:36  Stargate x2  
Tags
 
Matchup
PvZ
Opening
Pool First
Spawn Locations
Close Positions
Add a new tag
Caveats
  • Supply blocks, unpowered buildings, or Contaminate may cause inaccurate times.
  • Supply counts are checked every 10 seconds.